Map: Cactus Valley LE (Void)

Players

Neeb

  • Race: Protoss Protoss
  • Spawn Location: 11:00

SpeCial - Winner!

  • Race: Terran Terran
  • Spawn Location: 5:00

Event: WCS Austin 2017

VOD

Have the link to the VOD?

Description

Time

  • Played on: April 30, 2017, 12:03 p.m.
  • Length: 5:13

All games in this series

Show
View Real Time Build Order
Export as new Build Order

Neeb Protoss 

Build Orders: 1 Gate Expand, Oracle Opening, Phoenix Opening 

Get SALT Encoding   

  12  0:00  Probe (Chrono Boost)  
  13  0:11  Probe (Chrono Boost)  
  14  0:17  Pylon  
  14  0:21  Probe (Chrono Boost)  
  15  0:35  Probe (Chrono Boost), Gateway  
  16  0:45  Probe (Chrono Boost)  
  16  0:47  Assimilator  
  17  0:56  Probe (Chrono Boost)  
  18  1:06  Probe (Chrono Boost)  
  19  1:19  Nexus  
  19  1:23  Probe (Chrono Boost)  
  20  1:31  Cybernetics Core  
  20  1:34  Probe (Chrono Boost)  
  20  1:39  Assimilator  
  21  1:45  Probe (Chrono Boost)  
  22  1:51  Pylon  
  22  1:55  Probe (Chrono Boost)  
  23  2:05  Adept  
  23  2:10  Probe (Chrono Boost)  
  26  2:20  Stargate  
  27  2:22  Probe (Chrono Boost)  
  27  2:30  Warp Gate  
  27  2:31  Adept  
  27  2:32  Probe (Chrono Boost)  
  27  2:35  Probe (Chrono Boost)  
  31  2:42  Probe (Chrono Boost)  
  32  2:47  Probe (Chrono Boost)  
  33  2:53  Probe (Chrono Boost)  
  33  2:55  Adept  
  35  2:59  Probe (Chrono Boost)  
  35  3:03  Oracle  
  35  3:05  Probe (Chrono Boost)  
  38  3:11  Probe (Chrono Boost)  
  42  3:17  Probe (Chrono Boost)  
  42  3:19  Pylon  
  43  3:20  Pylon  
  43  3:23  Probe (Chrono Boost), Pylon  
  44  3:29  Probe (Chrono Boost)  
  46  3:35  Probe (Chrono Boost)  
  46  3:37  Phoenix  
  49  3:41  Probe (Chrono Boost)  
  49  3:47  Probe (Chrono Boost)  
  50  3:53  Probe (Chrono Boost)  
  51  4:00  Probe (Chrono Boost), Phoenix  
  50  4:08  Probe (Chrono Boost)  
  50  4:09  Nexus  
  53  4:12  Probe (Chrono Boost)  
  52  4:20  Probe (Chrono Boost)  
  52  4:23  Phoenix  
  53  4:24  Probe (Chrono Boost)  
  56  4:32  Probe (Chrono Boost)  
  56  4:34  Gateway  
  56  4:37  Gateway  
  56  4:42  Probe (Chrono Boost)  
  56  4:44  Phoenix  
  55  4:47  Assimilator, Probe (Chrono Boost)  
  55  4:48  Assimilator  
  55  4:50  Pylon  
  55  4:51  Twilight Council  
  57  4:52  Forge  
  59  5:01  Pylon  
  59  5:02  Probe (Chrono Boost)  
  59  5:06  Pylon  
Show
View Real Time Build Order
Export as new Build Order

SpeCial Terran - Winner!

Build Orders: Reaper Expand, Banshee Rush 

Get SALT Encoding   

  12  0:00  SCV  
  13  0:12  SCV  
  14  0:17  Supply Depot  
  14  0:24  SCV  
  15  0:29  Refinery  
  15  0:39  SCV  
  16  0:44  Barracks  
  16  0:51  SCV  
  17  1:03  SCV  
  18  1:15  SCV  
  19  1:32  Orbital Command  
  19  1:33  Reaper  
  20  1:43  Command Center  
  20  1:55  Factory  
  20  1:57  SCV  
  21  2:05  Refinery  
  21  2:08  Barracks Reactor  
  21  2:10  SCV  
  22  2:16  Supply Depot  
  22  2:22  SCV  
  23  2:37  SCV  
  23  2:41  Starport  
  23  2:43  Widow Mine  
  24  2:46  Marine x2  
  24  2:50  SCV  
  29  2:55  Orbital Command  
  29  3:02  SCV  
  29  3:04  Marine x2  
  32  3:12  Widow Mine  
  32  3:14  SCV  
  32  3:19  Starport Tech Lab  
  35  3:22  Marine x2, SCV  
  35  3:26  SCV  
  39  3:31  Supply Depot  
  39  3:37  Cloaking Field, Banshee  
  40  3:41  Marine  
  40  3:42  Marine  
  40  3:44  SCV  
  40  3:46  SCV  
  44  3:49  Widow Mine  
  46  3:59  Marine  
  46  4:00  Marine  
  47  4:06  SCV x2  
  49  4:17  Marine x2  
  49  4:18  Widow Mine  
  49  4:21  Banshee  
  54  4:28  SCV  
  54  4:29  SCV  
  54  4:30  Supply Depot  
  54  4:35  Marine  
  54  4:36  Marine  
  52  4:40  SCV  
  52  4:41  SCV  
  52  4:52  SCV  
  53  4:53  SCV  
  53  4:54  Barracks  
  53  4:56  Barracks  
  54  5:01  Starport  
Tags
 
Add a new tag
Caveats
  • Supply blocks, unpowered buildings, or Contaminate may cause inaccurate times.
  • Supply counts are checked every 10 seconds.